AoeStats
← Tony

Migration

509771123Analyzed
1v1 RM · 3d ago on Sep 28, 2026· 39m 54s· 2 players
Game mode
Random Map
Map size
132×132
Population
200
Speed
Normal
Resources
Standard
Victory
Conquest
Starting age
Dark Age
Ending age
Imperial Age
RankedLock teamsTeams togetherTeam positionsShared explorationLock speedFull tech treeHidden civsTurbo modeCheats
Victory
Defeat
🇦🇷 Persians · Argentina
704
+17
🇨🇱 Portuguese · Chile
718
-17
LUCA-14
5:09 Loom
10:14 Feudal Age
11:10 Town Watch
11:15 Double-Bit Axe
18:32 Gold Mining
18:48 Scale Mail Armor
19:04 Forging
19:00 Scale Barding Armor
19:51 Bloodlines
22:02 Wheelbarrow
28:30 Castle Age
29:58 Husbandry
29:23 Light Cavalry
30:07 Husbandry
31:11 Iron Casting
30:57 Chain Barding Armor
31:16 Iron Casting
34:59 Squires
36:37 Pikeman
37:07 Arson
Tony
1:10 Loom
11:20 Feudal Age
12:54 Double-Bit Axe
13:21 Horse Collar
14:25 Wheelbarrow
13:39 Town Watch
14:57 Fishing Lines
30:50 Castle Age
30:46 Stone Mining
30:46 Gold Mining
31:56 Fletching
32:41 Coinage
37:31 Bodkin Arrow
Connection lost

Rejoining the realm…

Still unreachable

The connection could not be restored.

Session expired

The server has moved on; the page needs a fresh start.